 Dungeon Crawl Stone Soup version 0.28.0 (webtiles) character file.

Game seed: 6691442904235244674

48 rageheart7 the Skirmisher (level 3, -2/30 HPs)
             Began as a Demonspawn Cinder Acolyte on Feb 15, 2022.
             Was a High Priest of Ignis.
             Slain by Sigmund (12 damage)
             ... on level 2 of the Dungeon.
             The game lasted 00:03:27 (1573 turns).

rageheart7 the Skirmisher (DsCA)                    Turns: 1573, Time: 00:03:28

Health: -2/30      AC:  7    Str: 16    XL:     3   Next: 50%
Magic:  4/4        EV: 11    Int: 15    God:    Ignis [*****.]
Gold:   34         SH:  0    Dex:  8    Spells: 4/4 levels left

rFire   + . .      SeeInvis .   i - +0 whip (flame)
rCold   . . .      Faith    .   (no shield)
rNeg    . . .      Spirit   .   b - +1 robe
rPois   .          Reflect  .   (no helmet)
rElec   .          Harm     .   (no cloak)
rCorr   .          Rampage  .   (no gloves)
Will    .....                   (no boots)
Stlth   +.........              (no amulet)
HPRegen 0.10/turn               e - +4 ring of protection
MPRegen 0.09/turn               (no ring)

@: attractive
A: weakness stinger 2
a: Renounce Religion, Fiery Armour, Foxfire Swarm, Rising Flame


You were on level 2 of the Dungeon.
You worshipped Ignis.
Ignis was extremely pleased with you.
You visited 1 branch of the dungeon, and saw 2 of its levels.

You collected 34 gold pieces.

Inventory:

Hand Weapons
 i - a +0 whip of flaming (weapon)
Armour
 b - a +1 robe (worn)
Jewellery
 e - a +4 ring of protection (left hand)


   Skills:
 * Level 4.1 Fighting
 + Level 3.2 Maces & Flails
 - Level 1.0 Spellcasting
 - Level 2.6 Fire Magic


You had 4 spell levels left.
You didn't know any spells.
Your spell library contained the following spells:

 Spells                   Type           Power      Damage    Failure   Level
 Scorch                   Fire           16%        2d5       12%         2
 Pain                     Necr           0%         1d4       24%         1
 Agony                    Necr           0%         N/A       100%        5
 Excruciating Wounds      Necr           0%         N/A       100%        5


Dungeon Overview and Level Annotations

Branches:
Dungeon (2/15)

Altars:

Annotations:
D:2 Sigmund, Terence


Innate Abilities, Weirdness & Mutations

You have a tail ending in a sharp stinger.


Message History

Sigmund flickers and vanishes!
Deactivating autopickup; reactivate with Ctrl-A.
The bat barely misses you. Something is attracted toward you.
You barely miss the bat. The bat hits you but does no damage.
Something hits you.
You hit the bat. You burn the bat.
The bat is severely wounded.
The bat closely misses you.
You closely miss the bat.
Your tail-slap misses the bat.
The bat is severely wounded.
The bat closely misses you. Something completely misses you.
Something is attracted toward you.
You hear some strange, mumbled words.
A puff of flame appears from out of thin air!
The puff of flame misses you. Something is attracted toward you.
The bat is attracted toward you.
It was a potion of curing.
You feel better.
You hear some strange, mumbled words.
Something tries to affect you, but you resist.
You closely miss something.
You hear some strange, mumbled words.
A magic dart appears from out of thin air!
The magic dart hits you.
You miss something. Your punch misses something. Something hits you.
You hit something. You burn something. You barely miss something.
Something hits you.
You barely miss something. Something hits you but does no damage.
You barely miss something. You tail-slap something. You miss something.
You tail-slap something. Something hits you.
You barely miss something.
Your tail-slap misses something.
Terence the Incautious comes into view.
He is wielding a +0 flail.
Terence is attracted toward you.
You barely miss something.
Terence shouts!
Something hits you.
You miss something. Something hits you.
* * * LOW HITPOINT WARNING * * *
You closely miss something.
Your tail-slap misses something.
You miss something. Something hits you!
You die...

***,,,* *...,,* #.#
,,,,,,****#..*** #.#
++*,*,,,,*#..* #.#
,,*,,,,*,*#..* #.#
*****,,#,*#..* #.#
,,*,+,.#.##..* #.#
,,*,+,.......## #.#
*****,**,*#..@####.#
,,*,,,**,*#.#gb{@..#
++*,*,**,*#...######
,,,,,,,,,*#####
**,,,,,*** *******


You could see Terence, a goblin and a bat.

Vanquished Creatures
  An adder (D:2)
  5 bats (D:1)
  2 endoplasms
  2 giant cockroaches (D:1)
  3 goblins
  6 hobgoblins
  3 jackals (D:1)
  2 ball pythons
  3 frilled lizards
  7 kobolds
  4 rats
38 creatures vanquished.

Notes
Turn   | Place    | Note
-------+----------+-------------------------------------------
     0 | D:1      | rageheart7 the Demonspawn Cinder Acolyte began the quest
                  | for the Orb.
     0 | D:1      | Reached XP level 1. HP: 18/18 MP: 2/2
   458 | D:1      | Gained mutation: You have a small tail. [demonic ancestry]
   458 | D:1      | Reached XP level 2. HP: 21/24 MP: 3/3
  1058 | D:1      | Gained mutation: You have a tail ending in a sharp stinger.
                  | [demonic ancestry]
  1058 | D:1      | Reached XP level 3. HP: 21/30 MP: 4/4
  1356 | D:1      | Found a faded altar of an unknown god.
  1472 | D:2      | Reached skill level 4 in Fighting
  1549 | D:2      | Noticed Sigmund
  1569 | D:2      | Noticed Terence
  1573 | D:2      | Slain by Sigmund

Illustrated notes

Levels and vault maps discovered:
D:1:      dpeg_arrival_arbitrary_c, layout_rooms,
          shapermc_ecumenical_altar_pompeii
D:2:      layout_loops_ring, minmay_mini_jars, uniq_terence, uniq_sigmund,
          uniq_crazy_yiuf_cottage

Skill      XL: |  1  2  3 |
---------------+----------+-----
Maces & Flails | 3 |  3.2
Fighting       | 4 |  4.1
Spellcasting   | |  1.0
Fire Magic     | |  2.6

Action                   || total
-------------------------++-------
Melee: Mace              ||    75
       Tailslap          ||    13
       Whip              ||    46
Invok: Fiery Armour      ||     1
  Use: Scroll            ||     3
       Potion            ||     2
Armor: Robe              ||    51
Dodge: Dodged            ||   101
